 Dungeon Crawl Stone Soup version 0.31.0-11-ge490571c62 (webtiles) character file.

Game seed: 1259769908445240310

32 Amelense the Ruffian (level 3, 28/28 HPs)
             Began as a Draconian Shapeshifter on Feb 7, 2024.
             Got out of the dungeon alive.
             The game lasted 00:04:37 (393 turns).

Amelense the Ruffian (Draconian Shapeshifter)        Turns: 393, Time: 00:04:38

Health: 28/28      AC:  5    Str: 18    XL:     3   Next: 10%
Magic:  3/3        EV: 12    Int: 10    God:
Gold:   20         SH:  0    Dex: 10    Spells: 2/2 levels left

rFire   . .          .
                       - Unarmed
rCold   . . .        (no shield)
rNeg    . . .        (body armour unavailable)
rPois   .            (helmet currently unavailable)
rElec   .            (cloak currently unavailable)
rCorr   .            (gloves currently unavailable)
SInv    .            (boots currently unavailable)
Will    .....        (no amulet)
Stlth   +            (no ring)
HPRegen 0.24/turn    (no ring)
MPRegen 0.08/turn

%: no passive effects
@: beast-form
A: beast (slay +2), AC +5, unfitting armour, cold-blooded
a: Begin Untransformation


You escaped.
You were a hulking beast.
You visited 1 branch of the dungeon, and saw 2 of its levels.

You collected 20 gold pieces.

Inventory:

Magical Staves
 f - a staff of fire
Talismans
 b - a beast talisman
 c - a flux talisman
Scrolls
 d - 2 scrolls of identify {unknown}
 e - 3 scrolls of revelation {unknown}
 h - a scroll of blinking {unknown}
Potions
 a - a potion of lignification
 g - a potion of cancellation {unknown}


   Skills:
 - Level 1.1 Fighting
 - Level 1.9 Dodging
 - Level 0.1 Stealth
 + Level 3.6 Unarmed Combat
 + Level 3.5 Shapeshifting


You had 2 spell levels left.
You didn't know any spells.
Your spell library contained the following spells:

 Spells                   Type           Power      Damage    Failure   Level
 Jinxbite                 Hex            0%         N/A       50%         2
 Yara's Violent Unravell  Hex/Alch       0%         3d3       100%        5
 Enfeeble                 Hex            0%         N/A       100%        7


Dungeon Overview and Level Annotations

Branches:
Dungeon (2/15)

Altars:


Innate Abilities, Weirdness & Mutations

You are a hulking beast.
Your limbs bulge with bestial killing power. (Slay +2)
Your plain brown scales are hard. (AC +5)
You cannot fit into any form of body armour.
You are cold-blooded and may be slowed by cold attacks.


Message History

A goblin comes into view. It is wielding a +0 dagger.
The gnoll moves out of view.
The goblin shouts!
An endoplasm comes into view.
The gnoll hits you but does no damage.
You hit the gnoll.
The gnoll is lightly wounded.
The gnoll hits you with a +0 spear.
You closely miss the gnoll.
The gnoll is lightly wounded.
You completely miss the gnoll. You tail-slap the gnoll.
The gnoll is heavily wounded.
The gnoll hits you with a +0 spear.
You punch the gnoll!
You kill the gnoll!
You have reached level 3!
Your experience leads to an increase in your attributes!
Increase (S)trength, (I)ntelligence, or (D)exterity?
You feel stronger. x2; Your scales feel tougher.
You closely miss the goblin. The goblin closely misses you.
You closely miss the goblin. The goblin closely misses you.
You hit the goblin.
You kill the goblin!
You hit the endoplasm.
The endoplasm is moderately wounded.
The endoplasm freezes you.
You are frozen.
You completely miss the endoplasm. You tail-slap the endoplasm.
You kill the endoplasm!
Found a stone staircase leading down.
Items here: )) ††.
Okay, then.
You aren't carrying any wearable armour.
Unknown command.
Annotate which branch? (. - D:1, ? - help, ! - show branch list)
Okay, then.
Unknown command.
Items here: )) ††.
There is a staircase leading out of the dungeon here.
You have escaped!

#......#.##.#....##
#.######....#..P..## ..
#.# #####.......#..# #.#
##...PP⌠..#..# #.#
##.....PPP..... #.#
#####...⌠PPPP......
#.###.......(..♣P.P...#
#.##.............♣P....
#.#..⌠.........hPPP...#
##.#.....♣P....P........
......÷.♣♣..........#...
...#....P♣.PP..P♣⌠P.....
#..#.#...P♣....PP.⌠.....
#....###.....#..........
........#.....###...#...
.#.#.##.#.....# .......
.#.#.# ......


There were no monsters in sight!

Vanquished Creatures
  A gnoll (D:1)
  An adder (D:2)
  2 endoplasms (D:1)
  3 goblins (D:1)
  A hobgoblin (D:1)
  A quokka (D:1)
  A ball python (D:1)
  2 bats (D:1)
  2 frilled lizards (D:1)
  3 butterflies (D:1)
17 creatures vanquished.

Notes
Turn   | Place    | Note
-------+----------+-------------------------------------------
     0 | D:1      | Amelense the Draconian Shapeshifter began the quest for the
                  | Orb.
     0 | D:1      | Reached XP level 1. HP: 16/16 MP: 1/1
    20 | D:1      | You fall into a shaft and drop 1 floor!
    35 | D:2      | Reached XP level 2. HP: 23/23 MP: 2/2
   284 | D:1      | Reached XP level 3. HP: 20/28 MP: 3/3
   393 | D:$      | Got out of the dungeon alive.

Illustrated notes

Levels and vault maps discovered:
D:1:      spicycebolla_arrival_clurvy, layout_basic, serial_glass,
          glass_columns_a, glass_columns_a, minmay_heptomino_h4
D:2:      layout_rooms, basic_ecumenical_altar

Action                     || total
---------------------------++-------
  Melee: Unarmed           ||    49
         Tailslap          ||     6
         Punch             ||     1
   Stab: Sleeping          ||     2
 Armour: Skin              ||    26
  Dodge: Dodged            ||    36
